Maple Leafs vs Predators
(R1)
Created - May 23, 2021 at 20:59
Goals
|
| Maple Leafs |
2 |
1 |
1 |
4 |
| Predators |
1 |
0 |
2 |
3 |
|
Shots
|
| Maple Leafs |
9 |
13 |
8 |
30 |
| Predators |
9 |
7 |
21 |
37 |
|
1st period
1. Predators , Alexander Ovechkin 5 (Ryan Kesler 7, Mikael Granlund 3) at 13:24 (PP)
2. Maple Leafs , John Klingberg 1 (Kevin Shattenkirk 9, Logan Couture 2) at 15:03 (PP)
3. Maple Leafs , Patrick Kane 7 (Claude Giroux 8, Bo Horvat 2) at 17:43
Penalties :
Patrick Kane (Tor) for Interference (Minor) at 0:19, Claude Giroux (Tor) for Boarding (Minor) at 13:21, Brendan Gallagher (Nas) for Interference (Minor) at 14:25, Brandon Gormley (Nas) for Interference (Minor) at 18:34
2nd period
4. Maple Leafs , Ryan Parent 1 (Patrick Kane 5, Hampus Lindholm 6) at 6:48 (PP)
Penalties :
Braydon Coburn (Tor) for Roughing (Minor) at 4:34, John Moore (Nas) for Hooking (Minor) at 5:31, Brayden Schenn (Tor) for Tripping (Minor) at 7:10, Brandon Gormley (Nas) for High sticking (Minor) at 12:34
3rd period
5. Predators , Ryan Mcdonagh 1 (Mikael Granlund 4, Alexander Ovechkin 7) at 1:35 (SH)
6. Predators , Jaden Schwartz 7 (Andy Miele 4, Brendan Gallagher 4) at 11:34
7. Maple Leafs , Jake Guentzel 3 (Kevin Shattenkirk 10, Logan Couture 3) at 15:10
Penalties :
Byron Bitz (Nas) for Hooking (Minor) at 1:07, Dany Heatley (Tor) for Holding (Minor) at 3:20, Kevin Shattenkirk (Tor) for Slashing (Minor) at 4:48, Patrick Kane (Tor) for Hooking (Minor) at 7:42, Claude Giroux (Tor) for Slashing (Minor) at 7:59, Dmitri Kalinin (Nas) for Holding Stick (Minor) at 17:54
Goalie Stats
John Gibson (Tor), 34 saves from 37 shots - (0.919), W, 6-1-0, 60:00 minutes
Jaroslav Halak (Nas), 26 saves from 30 shots - (0.867), L, 3-2-2, 60:00 minutes
Players Stats for Maple Leafs
Player Name G A P +/- PIM S H SB GA TA FO MP PP MP PK MP
------------------------------------------------------------------------------------
Andre Burakovsky 0 0 0 0 0 1 0 0 1 0 0/0 8:41 0:00 0:23
Beau Bennett 0 0 0 0 0 0 0 0 0 0 1/1 8:18 0:00 0:00
Ben Smith 0 0 0 0 0 3 0 0 0 0 0/0 13:48 3:36 0:00
Blake Comeau 0 0 0 0 0 0 0 0 0 0 0/0 6:32 0:03 0:00
Bo Horvat 0 1 1 1 0 1 1 0 0 0 9/16 12:16 0:00 0:00
Brayden Schenn 0 0 0 0 2 2 2 0 0 0 9/19 18:06 4:48 4:12
Braydon Coburn 0 0 0 0 2 0 2 0 1 1 0/0 19:12 3:28 3:40
Calvin de Haan 0 0 0 1 0 0 1 0 0 0 0/0 11:34 0:00 1:36
Claude Giroux 0 1 1 0 4 4 2 2 1 0 1/1 24:07 4:55 4:53
Dany Heatley 0 0 0 -1 2 2 0 0 0 1 0/0 9:34 0:03 0:58
Hampus Lindholm 0 1 1 0 0 0 0 1 0 3 0/0 20:04 3:28 4:03
Jake Guentzel 1 0 1 0 0 4 0 0 0 1 0/0 13:48 3:36 0:00
John Klingberg 1 0 1 -1 0 2 0 2 1 2 0/0 29:31 5:21 6:38
Kevin Shattenkirk 0 2 2 -1 2 4 3 0 1 2 0/0 28:45 5:21 5:24
Logan Couture 0 2 2 -1 0 0 0 1 0 0 7/17 22:00 3:51 5:45
Mika Zibanejad 0 0 0 0 0 3 0 0 0 0 0/1 8:45 0:10 1:24
Patrick Kane 1 1 2 1 4 2 0 0 1 1 2/2 19:47 5:10 1:33
Ryan Parent 1 0 1 1 0 2 0 0 0 0 0/0 11:08 0:15 0:00
Players Stats for Predators
Player Name G A P +/- PIM S H SB GA TA FO MP PP MP PK MP
------------------------------------------------------------------------------------
Alexander Edler 0 0 0 0 0 2 0 2 1 1 0/0 28:49 6:53 5:13
Alexander Ovechkin 1 1 2 0 0 6 3 3 2 0 6/12 24:45 5:54 5:34
Andy Miele 0 1 1 0 0 2 0 0 2 0 3/8 15:46 4:47 0:00
Brandon Gormley 0 0 0 0 4 2 0 0 1 0 0/0 18:24 3:48 1:51
Brendan Gallagher 0 1 1 0 2 3 1 0 0 0 0/0 15:30 4:45 0:00
Byron Bitz 0 0 0 0 2 1 3 0 0 1 0/0 10:07 0:00 1:10
Chris Higgins 0 0 0 0 0 2 0 0 0 0 0/0 10:13 0:02 0:54
Dmitri Kalinin 0 0 0 0 2 1 1 0 1 0 0/0 13:38 0:00 1:46
Jack Eichel 0 0 0 0 0 0 0 0 0 0 1/2 6:55 0:00 0:02
Jaden Schwartz 1 0 1 0 0 4 4 0 1 0 0/0 18:29 4:47 2:12
John Moore 0 0 0 0 2 2 2 1 0 1 0/0 19:50 3:47 3:23
Justin Abdelkader 0 0 0 0 0 0 0 0 0 0 0/0 6:45 0:00 0:00
Justin Faulk 0 0 0 0 0 0 1 1 0 0 0/0 11:07 0:00 0:00
Mark Pysyk 0 0 0 0 0 1 0 0 0 0 0/0 6:39 0:00 0:00
Mikael Granlund 0 2 2 0 0 6 0 0 1 2 2/4 24:45 5:54 5:34
Nik Antropov 0 0 0 0 0 0 0 0 0 0 1/4 8:14 0:00 0:00
Ryan Kesler 0 1 1 -1 0 2 3 2 0 0 15/27 21:22 5:54 2:12
Ryan Mcdonagh 1 0 1 0 0 3 3 2 2 1 0/0 28:45 6:53 5:25
3 Stars
1 - Alexander Ovechkin (Nas)
2 - Jaden Schwartz (Nas)
3 - Ryan Mcdonagh (Nas)
Power Play
Maple Leafs - 2 on 6 Attempt(s) - 33.33%
Predators - 1 on 8 Attempt(s) - 12.50%
Penalty Kill
Maple Leafs - 7 on 8 Attempt(s) - 87.50%
- Score 0 goal in Penalty Kill
Predators - 4 on 6 Attempt(s) - 66.67%
- Score 1 goal in Penalty Kill
Team Stat
Maple Leafs - Hits : 11 - Faceoff Wins : 29 - Blocked Shots : 6 - Penalty Minutes : 16
Predators - Hits : 21 - Faceoff Wins : 28 - Blocked Shots : 11 - Penalty Minutes : 12
Official
Referees : Unknown
Linesman : Unknown
Game Notes
No Game Note
Finance
Level 1 -- Attendance: 6000 (100.00%) -- Ticket Income $630,000
Level 2 -- Attendance: 5000 (100.00%) -- Ticket Income $325,000
Level 3 -- Attendance: 2000 (100.00%) -- Ticket Income $90,000
Level 4 -- Attendance: 4000 (100.00%) -- Ticket Income $120,000
Luxury Box -- Attendance: 1000 (100.00%) -- Ticket Income $199,000
Game was played at the Wildcat center.
Total Attendance: 18000 (100.00%)
Total Ticket Income: $1,364,000
Other Income: $204,600
Total Income: $1,568,600
Maple Leafs
5 vs 5 Forward
Center Left Wing Right Wing Time % Phy DF OF
1 Bo Horvat Claude Giroux Patrick Kane 40 1 2 2
2 Logan Couture Jake Guentzel Ben Smith 30 1 2 2
3 Brayden Schenn Andre Burakovsky Beau Bennett 20 1 2 2
4 Mika Zibanejad Dany Heatley Blake Comeau 10 1 2 2
5 vs 5 Defense
Defense Defense Time % Phy DF OF
1 Kevin Shattenkirk John Klingberg 40 1 2 2
2 Braydon Coburn Hampus Lindholm 30 1 2 2
3 Ryan Parent Calvin de Haan 20 1 2 2
4 Kevin Shattenkirk John Klingberg 10 1 2 2
PowerPlay Forward
Center Left Wing Right Wing Time % Phy DF OF
1 Brayden Schenn Claude Giroux Patrick Kane 60 1 2 2
2 Logan Couture Jake Guentzel Ben Smith 40 1 2 2
PowerPlay Defense
Defense Defense Time % Phy DF OF
1 Kevin Shattenkirk John Klingberg 60 1 2 2
2 Braydon Coburn Hampus Lindholm 40 1 2 2
Penalty Kill 4 Players Forward
Center Wing Time % Phy DF OF
1 Logan Couture Claude Giroux 60 1 2 2
2 Brayden Schenn Patrick Kane 40 1 2 2
Penalty Kill 4 Players Defense
Defense Defense Time % Phy DF OF
1 Kevin Shattenkirk John Klingberg 60 1 2 2
2 Braydon Coburn Hampus Lindholm 40 1 2 2
Penalty Kill - 3 Players Forward
Forward Time % Phy DF OF
1 Brayden Schenn 60 1 2 2
2 Logan Couture 40 1 2 2
Penalty Kill - 3 Players Defense
Defense Defense Time % Phy DF OF
1 Kevin Shattenkirk John Klingberg 60 1 2 2
2 Braydon Coburn Hampus Lindholm 40 1 2 2
4 vs 4 Forward
Center Wing Time % Phy DF OF
1 Logan Couture Patrick Kane 60 1 2 2
2 Brayden Schenn Claude Giroux 40 1 2 2
4 vs 4 Defense
Defense Defense Time % Phy DF OF
1 Kevin Shattenkirk John Klingberg 60 1 2 2
2 Braydon Coburn Hampus Lindholm 40 1 2 2
Last Minutes Offensive
Center Left Wing Right Wing Defense Defense
Brayden Schenn Claude Giroux Patrick Kane Kevin Shattenkirk John Klingberg
Last Minutes Defensive
Center Left Wing Right Wing Defense Defense
Brayden Schenn Claude Giroux Patrick Kane Kevin Shattenkirk Braydon Coburn
Goaltenders
Starting : John Gibson
Backup : Tyler Weiman
Extra Forwards
Normal : Mika Zibanejad, Dany Heatley, Brayden Schenn - PP : Mika Zibanejad, Dany Heatley - PK : Logan Couture
Extra Defensemen
Normal : Ryan Parent, Calvin de Haan, Braydon Coburn - PP : Ryan Parent - PK : Calvin de Haan, Braydon Coburn
Penalty Shots
Claude Giroux, Patrick Kane, Brayden Schenn, Ben Smith, Logan Couture
Scratches
Chris Kelly (Healthy)
Predators
5 vs 5 Forward
Center Left Wing Right Wing Time % Phy DF OF
1 Ryan Kesler Alexander Ovechkin Mikael Granlund 40 1 2 2
2 Andy Miele Jaden Schwartz Brendan Gallagher 30 1 2 2
3 Nik Antropov Chris Higgins Byron Bitz 20 1 2 2
4 Jack Eichel Justin Abdelkader Mark Pysyk 10 1 2 2
5 vs 5 Defense
Defense Defense Time % Phy DF OF
1 Ryan Mcdonagh Alexander Edler 40 1 2 2
2 John Moore Brandon Gormley 30 1 2 2
3 Justin Faulk Dmitri Kalinin 20 1 2 2
4 Ryan Mcdonagh Alexander Edler 10 1 2 2
PowerPlay Forward
Center Left Wing Right Wing Time % Phy DF OF
1 Ryan Kesler Alexander Ovechkin Mikael Granlund 60 1 2 2
2 Andy Miele Jaden Schwartz Brendan Gallagher 40 1 2 2
PowerPlay Defense
Defense Defense Time % Phy DF OF
1 Ryan Mcdonagh Alexander Edler 60 1 2 2
2 John Moore Brandon Gormley 40 1 2 2
Penalty Kill 4 Players Forward
Center Wing Time % Phy DF OF
1 Alexander Ovechkin Mikael Granlund 60 1 2 2
2 Ryan Kesler Jaden Schwartz 40 1 2 2
Penalty Kill 4 Players Defense
Defense Defense Time % Phy DF OF
1 Ryan Mcdonagh Alexander Edler 60 1 2 2
2 John Moore Brandon Gormley 40 1 2 2
Penalty Kill - 3 Players Forward
Forward Time % Phy DF OF
1 Alexander Ovechkin 60 1 2 2
2 Mikael Granlund 40 1 2 2
Penalty Kill - 3 Players Defense
Defense Defense Time % Phy DF OF
1 Ryan Mcdonagh Alexander Edler 60 1 2 2
2 John Moore Brandon Gormley 40 1 2 2
4 vs 4 Forward
Center Wing Time % Phy DF OF
1 Alexander Ovechkin Mikael Granlund 60 1 2 2
2 Ryan Kesler Jaden Schwartz 40 1 2 2
4 vs 4 Defense
Defense Defense Time % Phy DF OF
1 Ryan Mcdonagh Alexander Edler 60 1 2 2
2 John Moore Brandon Gormley 40 1 2 2
Last Minutes Offensive
Center Left Wing Right Wing Defense Defense
Ryan Kesler Alexander Ovechkin Mikael Granlund Ryan Mcdonagh Alexander Edler
Last Minutes Defensive
Center Left Wing Right Wing Defense Defense
Ryan Kesler Alexander Ovechkin Mikael Granlund Ryan Mcdonagh Alexander Edler
Goaltenders
Starting : Jaroslav Halak
Backup : Anders Lindback
Extra Forwards
Normal : Chris Higgins, Justin Abdelkader, Byron Bitz - PP : Chris Higgins, Justin Abdelkader - PK : Byron Bitz
Extra Defensemen
Normal : Justin Faulk, Dmitri Kalinin, John Moore - PP : Justin Faulk - PK : Dmitri Kalinin, John Moore
Penalty Shots
Alexander Ovechkin, Mikael Granlund, Ryan Kesler, Jaden Schwartz, Brendan Gallagher
Scratches
Nate Schmidt (Right Foot Injury)
% Time on Ice - Maple Leafs
Lines # - Real PCT - Wanted PCT - Time Play
Normal Forward
1 - 37% - 40% - 14:35
2 - 26% - 30% - 10:12
3 - 21% - 20% - 8:18
4 - 16% - 10% - 6:23
Normal Defense
1 - 41% - 40% - 16:19
2 - 31% - 30% - 12:05
3 - 25% - 20% - 9:58
4 - 3% - 10% - 1:06
PP Forward
1 - 59% - 60% - 5:13
2 - 41% - 40% - 3:36
PP Defense
1 - 61% - 60% - 5:21
2 - 39% - 40% - 3:28
PK Forward
1 - 73% - 60% - 6:10
2 - 27% - 40% - 2:18
PK Defense
1 - 59% - 60% - 5:02
2 - 41% - 40% - 3:26
PK3 Forward
1 - 88% - 60% - 1:57
2 - 12% - 40% - 0:16
PK3 Defense
1 - 72% - 60% - 1:36
2 - 28% - 40% - 0:37
44 Forward
1 - 68% - 60% - 0:42
2 - 32% - 40% - 0:20
44 Defense
1 - 55% - 60% - 0:34
2 - 45% - 40% - 0:28
Last Minute Offensive - 0:00
Last Minute Defensive - 0:00
Total
Forward - 60:00
Defense - 60:00
|
% Time on Ice - Predators
Lines # - Real PCT - Wanted PCT - Time Play
Normal Forward
1 - 34% - 40% - 13:23
2 - 28% - 30% - 11:06
3 - 21% - 20% - 8:14
4 - 17% - 10% - 6:39
Normal Defense
1 - 39% - 40% - 15:18
2 - 32% - 30% - 12:34
3 - 28% - 20% - 11:07
4 - 1% - 10% - 0:23
PP Forward
1 - 55% - 60% - 5:54
2 - 45% - 40% - 4:47
PP Defense
1 - 64% - 60% - 6:53
2 - 36% - 40% - 3:48
PK Forward
1 - 75% - 60% - 6:37
2 - 25% - 40% - 2:12
PK Defense
1 - 59% - 60% - 5:13
2 - 41% - 40% - 3:36
PK3 Forward
1 - 0% - 60%
2 - 0% - 40%
PK3 Defense
1 - 0% - 60%
2 - 0% - 40%
44 Forward
1 - 61% - 60% - 0:38
2 - 39% - 40% - 0:24
44 Defense
1 - 100% - 60% - 1:02
2 - 0% - 40% - 0:00
Last Minute Offensive - 0:06
Last Minute Defensive - 0:00
Total
Forward - 60:00
Defense - 60:00
|
Play-by-Play
1st period
0:01 of 1st period - Ryan Kesler wins face-off versus Bo Horvat in neutral zone.
0:19 of 1st period - Minor Penalty to Patrick Kane for Interference.
0:20 of 1st period - Claude Giroux wins face-off versus Mikael Granlund in Maple Leafs zone.
0:46 of 1st period - Brayden Schenn is hit by Brendan Gallagher and loses puck.
1:13 of 1st period - Wrist shot by Andy Miele.
1:13 of 1st period - Shot Misses the Net.
1:19 of 1st period - Snap shot by Brendan Gallagher.
1:19 of 1st period - Shot Misses the Net.
1:21 of 1st period - Slapshot by John Moore.
1:21 of 1st period - Stopped by John Gibson without a rebound.
1:22 of 1st period - Ryan Kesler wins face-off versus Logan Couture in Maple Leafs zone.
1:25 of 1st period - Snap shot by Alexander Ovechkin.
1:25 of 1st period - Stopped by John Gibson without a rebound.
1:26 of 1st period - Logan Couture wins face-off versus Ryan Kesler in Maple Leafs zone.
2:19 of 1st period - Penalty to Patrick Kane is over, Patrick Kane is back on ice.
3:40 of 1st period - Patrick Kane is hit by Alexander Ovechkin.
4:38 of 1st period - Wrist shot by Alexander Ovechkin.
4:38 of 1st period - Shot Misses the Net.
5:26 of 1st period - Backhand shot by Kevin Shattenkirk.
5:26 of 1st period - Stopped by Jaroslav Halak with a rebound.
5:38 of 1st period - Andre Burakovsky is hit by Ryan Mcdonagh and loses puck.
5:47 of 1st period - Slapshot by Ryan Mcdonagh.
5:47 of 1st period - Stopped by John Gibson with a rebound.
5:49 of 1st period - Snap shot by Ryan Mcdonagh.
5:49 of 1st period - Shot Misses the Net.
6:50 of 1st period - Snap shot by Mika Zibanejad.
6:50 of 1st period - Shot Misses the Net.
7:46 of 1st period - Snap shot by Chris Higgins.
7:46 of 1st period - Shot Misses the Net.
7:48 of 1st period - Snap shot by Ryan Mcdonagh.
7:48 of 1st period - Shot Misses the Net.
8:22 of 1st period - Ryan Kesler is hit by Braydon Coburn and loses puck.
8:42 of 1st period - Icing by Mikael Granlund.
8:43 of 1st period - Jack Eichel wins face-off versus Bo Horvat in Predators zone.
8:43 of 1st period - Jack Eichel is hit by Claude Giroux.
9:10 of 1st period - Claude Giroux is hit by John Moore and loses puck.
9:33 of 1st period - Slapshot by John Moore.
9:33 of 1st period - Stopped by John Gibson without a rebound.
9:34 of 1st period - Logan Couture wins face-off versus Ryan Kesler in Maple Leafs zone.
10:00 of 1st period - Andre Burakovsky is hit by Ryan Mcdonagh and loses puck.
10:49 of 1st period - Snap shot by Ben Smith.
10:49 of 1st period - Shot Blocked by Ryan Kesler.
10:51 of 1st period - Slapshot by Jake Guentzel.
10:51 of 1st period - Shot Blocked by Alexander Ovechkin.
11:05 of 1st period - Snap shot by Andy Miele.
11:05 of 1st period - Stopped by John Gibson with a rebound.
11:24 of 1st period - Slapshot by Andre Burakovsky.
11:24 of 1st period - Stopped by Jaroslav Halak with a rebound.
11:54 of 1st period - Blake Comeau is hit by Byron Bitz.
12:30 of 1st period - Jaden Schwartz is hit by Claude Giroux and loses puck.
12:38 of 1st period - Icing by John Moore.
12:39 of 1st period - Logan Couture wins face-off versus Andy Miele in Predators zone.
12:42 of 1st period - Snap shot by Ben Smith.
12:42 of 1st period - Stopped by Jaroslav Halak with a rebound.
12:54 of 1st period - Wrist shot by Logan Couture.
12:54 of 1st period - Shot Misses the Net.
12:56 of 1st period - Snap shot by Ben Smith.
12:56 of 1st period - Shot Blocked by John Moore.
13:21 of 1st period - Minor Penalty to Claude Giroux for Boarding.
13:22 of 1st period - Mikael Granlund wins face-off versus Logan Couture in Maple Leafs zone.
13:24 of 1st period - Wrist shot by Alexander Ovechkin.
13:24 of 1st period - Goal by Alexander Ovechkin - Maple Leafs : 0 - Predators : 1.
13:25 of 1st period - Ryan Kesler wins face-off versus Bo Horvat in neutral zone.
13:53 of 1st period - Wrist shot by Brendan Gallagher.
13:53 of 1st period - Stopped by John Gibson without a rebound.
13:54 of 1st period - Logan Couture wins face-off versus Andy Miele in Maple Leafs zone.
14:23 of 1st period - Slapshot by Hampus Lindholm.
14:23 of 1st period - Shot Blocked by Ryan Mcdonagh.
14:25 of 1st period - Minor Penalty to Brendan Gallagher for Interference.
14:26 of 1st period - Alexander Ovechkin wins face-off versus Brayden Schenn in Predators zone.
15:03 of 1st period - Wrist shot by John Klingberg.
15:03 of 1st period - Goal by John Klingberg - Maple Leafs : 1 - Predators : 1.
15:04 of 1st period - Andy Miele wins face-off versus Bo Horvat in neutral zone.
15:31 of 1st period - Kevin Shattenkirk is hit by Ryan Kesler and loses puck.
15:40 of 1st period - Slapshot by John Klingberg.
15:40 of 1st period - Deflect By Jake Guentzel.
15:40 of 1st period - Stopped by Jaroslav Halak without a rebound.
15:41 of 1st period - Bo Horvat wins face-off versus Ryan Kesler in Predators zone.
15:56 of 1st period - Backhand shot by Claude Giroux.
15:56 of 1st period - Stopped by Jaroslav Halak without a rebound.
15:57 of 1st period - Andy Miele wins face-off versus Logan Couture in Predators zone.
16:02 of 1st period - Slapshot by Kevin Shattenkirk.
16:02 of 1st period - Shot Misses the Net.
16:04 of 1st period - Snap shot by Kevin Shattenkirk.
16:04 of 1st period - Shot Misses the Net.
16:06 of 1st period - Snap shot by Jake Guentzel.
16:06 of 1st period - Stopped by Jaroslav Halak with a rebound.
16:28 of 1st period - Snap shot by Alexander Ovechkin.
16:28 of 1st period - Deflect By John Klingberg.
16:28 of 1st period - Stopped by John Gibson with a rebound.
16:30 of 1st period - Snap shot by Ryan Kesler.
16:30 of 1st period - Shot Misses the Net.
17:11 of 1st period - Snap shot by Hampus Lindholm.
17:11 of 1st period - Shot Blocked by Justin Faulk.
17:13 of 1st period - Slapshot by Mika Zibanejad.
17:13 of 1st period - Shot Misses the Net.
17:27 of 1st period - Backhand shot by Mikael Granlund.
17:27 of 1st period - Stopped by John Gibson without a rebound.
17:28 of 1st period - Bo Horvat wins face-off versus Ryan Kesler in Maple Leafs zone.
17:43 of 1st period - Snap shot by Patrick Kane.
17:43 of 1st period - Goal by Patrick Kane - Maple Leafs : 2 - Predators : 1.
17:44 of 1st period - Bo Horvat wins face-off versus Alexander Ovechkin in neutral zone.
18:11 of 1st period - Kevin Shattenkirk is hit by Byron Bitz and loses puck.
18:19 of 1st period - Off-side.
18:20 of 1st period - Logan Couture wins face-off versus Ryan Kesler in neutral zone.
18:34 of 1st period - Minor Penalty to Brandon Gormley for Interference.
18:35 of 1st period - Brayden Schenn wins face-off versus Alexander Ovechkin in Predators zone.
18:39 of 1st period - Wrist shot by Patrick Kane.
18:39 of 1st period - Deflect By Brayden Schenn.
18:39 of 1st period - Stopped by Jaroslav Halak with a rebound.
19:34 of 1st period - Jake Guentzel is hit by Ryan Kesler and loses puck.
Goals for this period are 2 for Maple Leafs vs 1 for Predators.
Shots for this period are 9 for Maple Leafs vs 9 for Predators.
2nd period
0:01 of 2nd period - Brayden Schenn wins face-off versus Alexander Ovechkin in neutral zone.
0:34 of 2nd period - Penalty to Brandon Gormley is over, Brandon Gormley is back on ice.
1:08 of 2nd period - Slapshot by Ryan Mcdonagh.
1:08 of 2nd period - Shot Misses the Net.
1:52 of 2nd period - Snap shot by John Klingberg.
1:52 of 2nd period - Deflect By Jake Guentzel.
1:52 of 2nd period - Shot Blocked by Alexander Ovechkin.
1:52 of 2nd period - Puck is out of play.
1:53 of 2nd period - Ryan Kesler wins face-off versus Bo Horvat in Predators zone.
1:53 of 2nd period - Ryan Kesler is hit by Kevin Shattenkirk.
3:32 of 2nd period - Wrist shot by Mika Zibanejad.
3:32 of 2nd period - Stopped by Jaroslav Halak with a rebound.
3:34 of 2nd period - Wrist shot by Dany Heatley.
3:34 of 2nd period - Stopped by Jaroslav Halak without a rebound.
3:35 of 2nd period - Andy Miele wins face-off versus Mika Zibanejad in Predators zone.
3:52 of 2nd period - Snap shot by Mika Zibanejad.
3:52 of 2nd period - Stopped by Jaroslav Halak with a rebound.
3:54 of 2nd period - Snap shot by Blake Comeau.
3:54 of 2nd period - Shot Misses the Net.
3:56 of 2nd period - Snap shot by Dany Heatley.
3:56 of 2nd period - Stopped by Jaroslav Halak without a rebound.
3:57 of 2nd period - Ryan Kesler wins face-off versus Bo Horvat in Predators zone.
3:57 of 2nd period - Ryan Kesler is hit by Bo Horvat.
4:03 of 2nd period - Slapshot by John Moore.
4:03 of 2nd period - Shot Misses the Net.
4:05 of 2nd period - Slapshot by Alexander Ovechkin.
4:05 of 2nd period - Shot Misses the Net.
4:34 of 2nd period - Minor Penalty to Braydon Coburn for Roughing.
4:35 of 2nd period - Alexander Ovechkin wins face-off versus Logan Couture in Maple Leafs zone.
5:10 of 2nd period - Wrist shot by Andy Miele.
5:10 of 2nd period - Stopped by John Gibson with a rebound.
5:31 of 2nd period - Minor Penalty to John Moore for Hooking.
5:32 of 2nd period - Logan Couture wins face-off versus Alexander Ovechkin in Predators zone.
6:34 of 2nd period - Penalty to Braydon Coburn is over, Braydon Coburn is back on ice.
6:46 of 2nd period - Snap shot by Patrick Kane.
6:46 of 2nd period - Shot Misses the Net.
6:48 of 2nd period - Backhand shot by Ryan Parent.
6:48 of 2nd period - Goal by Ryan Parent - Maple Leafs : 3 - Predators : 1.
6:49 of 2nd period - Mikael Granlund wins face-off versus Brayden Schenn in neutral zone.
7:10 of 2nd period - Minor Penalty to Brayden Schenn for Tripping.
7:11 of 2nd period - Ryan Kesler wins face-off versus Logan Couture in Maple Leafs zone.
7:48 of 2nd period - Patrick Kane is hit by Jaden Schwartz and loses puck.
7:53 of 2nd period - Snap shot by Jaden Schwartz.
7:53 of 2nd period - Stopped by John Gibson without a rebound.
7:54 of 2nd period - Patrick Kane wins face-off versus Andy Miele in Maple Leafs zone.
8:50 of 2nd period - Snap shot by Mika Zibanejad.
8:50 of 2nd period - Stopped by Jaroslav Halak with a rebound.
9:10 of 2nd period - Penalty to Brayden Schenn is over, Brayden Schenn is back on ice.
9:23 of 2nd period - Slapshot by Brayden Schenn.
9:23 of 2nd period - Stopped by Jaroslav Halak with a rebound.
9:31 of 2nd period - Slapshot by Brandon Gormley.
9:31 of 2nd period - Stopped by John Gibson with a rebound.
10:01 of 2nd period - John Klingberg is hit by Justin Faulk and loses puck.
10:12 of 2nd period - Snap shot by Mark Pysyk.
10:12 of 2nd period - Shot Misses the Net.
10:14 of 2nd period - Snap shot by Dmitri Kalinin.
10:14 of 2nd period - Shot Blocked by Logan Couture.
10:26 of 2nd period - Slapshot by Mark Pysyk.
10:26 of 2nd period - Stopped by John Gibson with a rebound.
10:28 of 2nd period - Slapshot by Dmitri Kalinin.
10:28 of 2nd period - Stopped by John Gibson without a rebound.
10:29 of 2nd period - Alexander Ovechkin wins face-off versus Bo Horvat in Maple Leafs zone.
10:41 of 2nd period - Off-side.
10:42 of 2nd period - Bo Horvat wins face-off versus Ryan Kesler in neutral zone.
10:45 of 2nd period - Alexander Edler is hit by Braydon Coburn and loses puck.
10:50 of 2nd period - Snap shot by Claude Giroux.
10:50 of 2nd period - Stopped by Jaroslav Halak with a rebound.
10:52 of 2nd period - Snap shot by Bo Horvat.
10:52 of 2nd period - Stopped by Jaroslav Halak without a rebound.
10:53 of 2nd period - Bo Horvat wins face-off versus Ryan Kesler in Predators zone.
12:05 of 2nd period - John Moore is hit by Calvin de Haan and loses puck.
12:34 of 2nd period - Minor Penalty to Brandon Gormley for High sticking.
12:35 of 2nd period - Alexander Ovechkin wins face-off versus Brayden Schenn in Predators zone.
13:07 of 2nd period - Wrist shot by Ben Smith.
13:07 of 2nd period - Shot Misses the Net.
13:09 of 2nd period - Backhand shot by John Klingberg.
13:09 of 2nd period - Stopped by Jaroslav Halak with a rebound.
13:27 of 2nd period - Hampus Lindholm is hit by Ryan Mcdonagh and loses puck.
14:34 of 2nd period - Penalty to Brandon Gormley is over, Brandon Gormley is back on ice.
15:03 of 2nd period - Icing by Beau Bennett.
15:04 of 2nd period - Brayden Schenn wins face-off versus Andy Miele in Maple Leafs zone.
15:15 of 2nd period - Snap shot by Kevin Shattenkirk.
15:15 of 2nd period - Stopped by Jaroslav Halak with a rebound.
15:29 of 2nd period - Wrist shot by Mikael Granlund.
15:29 of 2nd period - Shot Misses the Net.
15:31 of 2nd period - Wrist shot by Ryan Kesler.
15:31 of 2nd period - Stopped by John Gibson without a rebound.
15:32 of 2nd period - Bo Horvat wins face-off versus Ryan Kesler in Maple Leafs zone.
15:43 of 2nd period - Wrist shot by Claude Giroux.
15:43 of 2nd period - Shot Blocked by Alexander Ovechkin.
16:41 of 2nd period - Snap shot by Ryan Parent.
16:41 of 2nd period - Stopped by Jaroslav Halak with a rebound.
18:57 of 2nd period - Kevin Shattenkirk is hit by John Moore and loses puck.
19:02 of 2nd period - Snap shot by Chris Higgins.
19:02 of 2nd period - Stopped by John Gibson without a rebound.
19:03 of 2nd period - Ryan Kesler wins face-off versus Logan Couture in Maple Leafs zone.
19:12 of 2nd period - Snap shot by Ben Smith.
19:12 of 2nd period - Shot Blocked by Ryan Kesler.
19:16 of 2nd period - Snap shot by Ben Smith.
19:16 of 2nd period - Stopped by Jaroslav Halak with a rebound.
19:18 of 2nd period - Slapshot by Kevin Shattenkirk.
19:18 of 2nd period - Shot Blocked by Ryan Mcdonagh.
19:32 of 2nd period - Wrist shot by Brendan Gallagher.
19:32 of 2nd period - Shot Blocked by John Klingberg.
Goals for this period are 1 for Maple Leafs vs 0 for Predators.
Shots for this period are 13 for Maple Leafs vs 7 for Predators.
3rd period
0:01 of 3rd period - Bo Horvat wins face-off versus Ryan Kesler in neutral zone.
0:04 of 3rd period - Slapshot by Kevin Shattenkirk.
0:04 of 3rd period - Shot Blocked by Alexander Edler.
0:06 of 3rd period - Wrist shot by Claude Giroux.
0:06 of 3rd period - Shot Misses the Net.
0:10 of 3rd period - Slapshot by Claude Giroux.
0:10 of 3rd period - Stopped by Jaroslav Halak with a rebound.
0:12 of 3rd period - Wrist shot by Bo Horvat.
0:12 of 3rd period - Shot Misses the Net.
0:14 of 3rd period - Slapshot by Kevin Shattenkirk.
0:14 of 3rd period - Shot Misses the Net.
0:16 of 3rd period - Slapshot by Kevin Shattenkirk.
0:16 of 3rd period - Stopped by Jaroslav Halak with a rebound.
0:26 of 3rd period - Jake Guentzel is hit by Jaden Schwartz and loses puck.
1:07 of 3rd period - Minor Penalty to Byron Bitz for Hooking.
1:08 of 3rd period - Brayden Schenn wins face-off versus Mikael Granlund in Predators zone.
1:25 of 3rd period - Snap shot by Alexander Ovechkin.
1:25 of 3rd period - Stopped by John Gibson without a rebound.
1:26 of 3rd period - Alexander Ovechkin wins face-off versus Logan Couture in Maple Leafs zone.
1:31 of 3rd period - Wrist shot by Mikael Granlund.
1:31 of 3rd period - Shot Misses the Net.
1:33 of 3rd period - Snap shot by Ryan Mcdonagh.
1:33 of 3rd period - Shot Blocked by John Klingberg.
1:35 of 3rd period - Slapshot by Ryan Mcdonagh.
1:35 of 3rd period - Goal by Ryan Mcdonagh - Maple Leafs : 3 - Predators : 2.
1:36 of 3rd period - Brayden Schenn wins face-off versus Alexander Ovechkin in neutral zone.
3:07 of 3rd period - Penalty to Byron Bitz is over, Byron Bitz is back on ice.
3:20 of 3rd period - Minor Penalty to Dany Heatley for Holding.
3:21 of 3rd period - Ryan Kesler wins face-off versus Logan Couture in Maple Leafs zone.
4:48 of 3rd period - Minor Penalty to Kevin Shattenkirk for Slashing.
4:49 of 3rd period - Brayden Schenn wins face-off versus Ryan Kesler in Maple Leafs zone.
5:20 of 3rd period - Penalty to Dany Heatley is over, Dany Heatley is back on ice.
6:48 of 3rd period - Penalty to Kevin Shattenkirk is over, Kevin Shattenkirk is back on ice.
7:17 of 3rd period - Backhand shot by Ryan Mcdonagh.
7:17 of 3rd period - Stopped by John Gibson with a rebound.
7:19 of 3rd period - Slapshot by Alexander Edler.
7:19 of 3rd period - Stopped by John Gibson without a rebound.
7:20 of 3rd period - Brayden Schenn wins face-off versus Nik Antropov in Maple Leafs zone.
7:29 of 3rd period - Dmitri Kalinin is hit by Brayden Schenn and loses puck.
7:35 of 3rd period - Icing by Dmitri Kalinin.
7:36 of 3rd period - Bo Horvat wins face-off versus Nik Antropov in Predators zone.
7:37 of 3rd period - Snap shot by Claude Giroux.
7:37 of 3rd period - Stopped by Jaroslav Halak with a rebound.
7:42 of 3rd period - Minor Penalty to Patrick Kane for Hooking.
7:43 of 3rd period - Ryan Kesler wins face-off versus Logan Couture in Maple Leafs zone.
7:49 of 3rd period - Snap shot by Ryan Kesler.
7:49 of 3rd period - Stopped by John Gibson without a rebound.
7:50 of 3rd period - Ryan Kesler wins face-off versus Logan Couture in Maple Leafs zone.
7:59 of 3rd period - Minor Penalty to Claude Giroux for Slashing.
8:00 of 3rd period - Brayden Schenn wins face-off versus Ryan Kesler in Maple Leafs zone.
8:08 of 3rd period - Kevin Shattenkirk is hit by Ryan Kesler.
8:12 of 3rd period - Slapshot by John Klingberg.
8:12 of 3rd period - Shot Misses the Net.
8:15 of 3rd period - Icing by Ryan Kesler.
8:16 of 3rd period - Ryan Kesler wins face-off versus Brayden Schenn in Predators zone.
8:16 of 3rd period - Ryan Kesler is hit by Brayden Schenn.
8:28 of 3rd period - Snap shot by Mikael Granlund.
8:28 of 3rd period - Shot Misses the Net.
8:30 of 3rd period - Wrist shot by Alexander Edler.
8:30 of 3rd period - Stopped by John Gibson without a rebound.
8:31 of 3rd period - Ryan Kesler wins face-off versus Brayden Schenn in Maple Leafs zone.
8:34 of 3rd period - Slapshot by Alexander Ovechkin.
8:34 of 3rd period - Deflect By Kevin Shattenkirk.
8:34 of 3rd period - Stopped by John Gibson without a rebound.
8:35 of 3rd period - Ryan Kesler wins face-off versus Brayden Schenn in Maple Leafs zone.
9:14 of 3rd period - Hampus Lindholm is hit by Jaden Schwartz.
9:42 of 3rd period - Penalty to Patrick Kane is over, Patrick Kane is back on ice.
9:57 of 3rd period - Kevin Shattenkirk is hit by Jaden Schwartz and loses puck.
9:59 of 3rd period - Penalty to Claude Giroux is over, Claude Giroux is back on ice.
10:04 of 3rd period - Wrist shot by Jaden Schwartz.
10:04 of 3rd period - Stopped by John Gibson with a rebound.
10:18 of 3rd period - Brendan Gallagher is hit by Kevin Shattenkirk and loses puck.
10:29 of 3rd period - Wrist shot by Ryan Mcdonagh.
10:29 of 3rd period - Shot Blocked by Claude Giroux.
10:31 of 3rd period - Snap shot by Brendan Gallagher.
10:31 of 3rd period - Shot Misses the Net.
11:11 of 3rd period - Snap shot by Jaden Schwartz.
11:11 of 3rd period - Shot Misses the Net.
11:13 of 3rd period - Snap shot by Andy Miele.
11:13 of 3rd period - Shot Misses the Net.
11:15 of 3rd period - Wrist shot by Brendan Gallagher.
11:15 of 3rd period - Stopped by John Gibson with a rebound.
11:17 of 3rd period - Snap shot by Andy Miele.
11:17 of 3rd period - Shot Blocked by Claude Giroux.
11:32 of 3rd period - Wrist shot by Jaden Schwartz.
11:32 of 3rd period - Stopped by John Gibson with a rebound.
11:34 of 3rd period - Snap shot by Jaden Schwartz.
11:34 of 3rd period - Goal by Jaden Schwartz - Maple Leafs : 3 - Predators : 3.
11:35 of 3rd period - Ryan Kesler wins face-off versus Brayden Schenn in neutral zone.
11:46 of 3rd period - Snap shot by Mikael Granlund.
11:46 of 3rd period - Stopped by John Gibson without a rebound.
11:47 of 3rd period - Ryan Kesler wins face-off versus Brayden Schenn in Maple Leafs zone.
11:57 of 3rd period - Wrist shot by Mikael Granlund.
11:57 of 3rd period - Stopped by John Gibson with a rebound.
11:59 of 3rd period - Wrist shot by Alexander Ovechkin.
11:59 of 3rd period - Stopped by John Gibson without a rebound.
12:00 of 3rd period - Beau Bennett wins face-off versus Ryan Kesler in Maple Leafs zone.
12:32 of 3rd period - Calvin de Haan is hit by Byron Bitz and loses puck.
12:45 of 3rd period - Backhand shot by Chris Higgins.
12:45 of 3rd period - Stopped by John Gibson with a rebound.
12:49 of 3rd period - Slapshot by Mark Pysyk.
12:49 of 3rd period - Shot Misses the Net.
12:51 of 3rd period - Slapshot by Brandon Gormley.
12:51 of 3rd period - Stopped by John Gibson with a rebound.
13:45 of 3rd period - Dmitri Kalinin is hit by Kevin Shattenkirk and loses puck.
13:52 of 3rd period - Ben Smith is hit by Alexander Ovechkin and loses puck.
14:01 of 3rd period - Snap shot by Mikael Granlund.
14:01 of 3rd period - Stopped by John Gibson with a rebound.
14:03 of 3rd period - Backhand shot by Alexander Ovechkin.
14:03 of 3rd period - Deflect By Mikael Granlund.
14:03 of 3rd period - Stopped by John Gibson with a rebound.
14:05 of 3rd period - Slapshot by Alexander Edler.
14:05 of 3rd period - Deflect By Mikael Granlund.
14:05 of 3rd period - Stopped by John Gibson without a rebound.
14:06 of 3rd period - Brayden Schenn wins face-off versus Nik Antropov in Maple Leafs zone.
14:19 of 3rd period - Snap shot by Byron Bitz.
14:19 of 3rd period - Shot Blocked by Hampus Lindholm.
14:21 of 3rd period - Snap shot by Byron Bitz.
14:21 of 3rd period - Stopped by John Gibson without a rebound.
14:22 of 3rd period - Bo Horvat wins face-off versus Jack Eichel in Maple Leafs zone.
14:38 of 3rd period - Snap shot by Patrick Kane.
14:38 of 3rd period - Shot Misses the Net.
14:52 of 3rd period - Slapshot by Kevin Shattenkirk.
14:52 of 3rd period - Stopped by Jaroslav Halak with a rebound.
14:54 of 3rd period - Wrist shot by Ben Smith.
14:54 of 3rd period - Stopped by Jaroslav Halak without a rebound.
14:55 of 3rd period - Logan Couture wins face-off versus Andy Miele in Predators zone.
15:08 of 3rd period - Backhand shot by Jake Guentzel.
15:08 of 3rd period - Stopped by Jaroslav Halak with a rebound.
15:10 of 3rd period - Wrist shot by Jake Guentzel.
15:10 of 3rd period - Goal by Jake Guentzel - Maple Leafs : 4 - Predators : 3.
15:11 of 3rd period - Nik Antropov wins face-off versus Brayden Schenn in neutral zone.
16:59 of 3rd period - Snap shot by Brendan Gallagher.
16:59 of 3rd period - Shot Misses the Net.
17:01 of 3rd period - Snap shot by Brendan Gallagher.
17:01 of 3rd period - Stopped by John Gibson with a rebound.
17:21 of 3rd period - Mika Zibanejad is hit by Dmitri Kalinin.
17:54 of 3rd period - Minor Penalty to Dmitri Kalinin for Holding Stick.
17:55 of 3rd period - Patrick Kane wins face-off versus Alexander Ovechkin in Predators zone.
17:55 of 3rd period - Slapshot by Kevin Shattenkirk.
17:55 of 3rd period - Shot Blocked by Alexander Edler.
17:57 of 3rd period - Snap shot by Kevin Shattenkirk.
17:57 of 3rd period - Deflect By Patrick Kane.
17:57 of 3rd period - Deflect By Alexander Edler.
17:57 of 3rd period - Stopped by Jaroslav Halak without a rebound.
17:58 of 3rd period - Alexander Ovechkin wins face-off versus Brayden Schenn in Predators zone.
19:35 of 3rd period - Kevin Shattenkirk is hit by Alexander Ovechkin and loses puck.
19:54 of 3rd period - Penalty to Dmitri Kalinin is over, Dmitri Kalinin is back on ice.
Goals for this period are 1 for Maple Leafs vs 2 for Predators.
Shots for this period are 8 for Maple Leafs vs 21 for Predators.